 Dungeon Crawl Stone Soup version 0.22-a0-587-g7d32d7c (webtiles) character file.

32 vineage the Skirmisher (level 3, 0/41 HPs)
             Began as an Ogre Berserker on July 4, 2018.
             Was a Follower of Trog.
             Slain by a hobgoblin
             ... wielding a +0 trident
              (7 damage)
             ... on level 2 of the Dungeon.
             The game lasted 00:01:30 (868 turns).

vineage the Skirmisher (Ogre Berserker)              Turns: 868, Time: 00:01:31

Health: 0/41       AC:  3    Str: 26    XL:     3   Next: 27%
Magic:  3/3        EV: 10    Int:  8    God:    Trog [*.....]
Gold:   63         SH:  0    Dex:  9    Spells: 2/2 levels left

rFire    . . .     SeeInvis .   a - +0 hand axe
rCold    . . .     Gourm    .   (no shield)
rNeg     . . .     Faith    .   b - +0 animal skin
rPois    .         Spirit   .   (helmet restricted)
rElec    .         Reflect  .   (no cloak)
rCorr    .         Harm     .   (gloves unavailable)
MR       .....                  (boots unavailable)
Stlth    +.........             (no amulet)
HPRegen  0.13/turn              (no ring)
MPRegen  0.08/turn              (no ring)

@: mighty, lethally poisoned (0 -> -3), very slightly contaminated, invisible
A: large, unfitting armour, tough skin 1
a: Berserk, Renounce Religion


You were on level 2 of the Dungeon.
You worshipped Trog.
Trog was aware of your devotion.
You were not hungry.

You visited 1 branch of the dungeon, and saw 2 of its levels.

You collected 63 gold pieces.

Inventory:

Hand Weapons
 a - a +0 hand axe (weapon)
Armour
 b - a +0 animal skin (worn)
Scrolls
 d - 2 scrolls of magic mapping
 h - 2 scrolls of enchant armour {unknown}
 i - a scroll of identify {unknown}
Comestibles
 c - 4 rations


   Skills:
 * Level 4.9 Fighting
 + Level 3.3 Axes
 + Level 3.0 Dodging


You had 2 spell levels left.
You didn't know any spells.
Your spell library was empty.

Dungeon Overview and Level Annotations

Branches:
Dungeon (2/15)

Altars:


Innate Abilities, Weirdness & Mutations

You are too large for most types of armour.
You have tough skin. (AC +1)


Message History

It was a potion of might.
You feel very mighty all of a sudden. The adder barely misses you.
It was a potion of invisibility.
You fade into invisibility!
You feel sick. The hobgoblin barely misses you.
The adder bites you but does no damage.
You are very lightly contaminated with residual magic.
You closely miss the adder.
The adder is lightly wounded.
The adder misses you. The hobgoblin closely misses you. The adder misses you.
You barely miss the adder.
The adder is lightly wounded.
You feel sick. The hobgoblin misses you. The adder barely misses you.
You slash the adder!
You kill the adder!
Trog accepts your kill.
Your Dodging skill increases to level 3!
The hobgoblin hits you with a trident!
You die...

#...........#..
........##.......[......
........##.^............
........................
........####...#........
........####...#....#...
....#......#...#....#...
...............+........
##..@...#...#....##..
......g....#####....####
.)................
..................
..................# #.#
......(...........# #.##
###...............###...
............##........
................##..[


You could see a hobgoblin.

Vanquished Creatures
  2 adders (D:2)
  A dart slug (D:1)
  A ball python (D:1)
  3 goblins
  2 hobgoblins (D:1)
  2 frilled lizards (D:2)
  A kobold (D:1)
  2 rats
14 creatures vanquished.

Notes
Turn   | Place    | Note
-------+----------+-------------------------------------------
     0 | D:1      | vineage the Ogre Berserker began the quest for the Orb.
     0 | D:1      | Reached XP level 1. HP: 24/24 MP: 1/1
   210 | D:1      | Reached XP level 2. HP: 16/33 MP: 2/2
   822 | D:2      | Reached XP level 3. HP: 39/40 MP: 3/3
   868 | D:2      | Slain by a hobgoblin

Vault maps used:
D:1:      sevenhm_arrival_forest_fort_small_3

Skill      XL: |  1  2  3 |
---------------+----------+-----
Dodging        | 3 |  3.0
Fighting       | |  4.9
Axes           | |  3.3

Action                   || total
-------------------------++-------
Melee: Hand axe          ||    49
  Use: Scroll            ||     1
       Potion            ||     3
Armor: Animal skin       ||     8
Dodge: Dodged            ||    32

Table legend:
 A = Spawn XP
 B = Non-spawn XP
 C = Spawn XP percentage of total XP
 D = Spawn monster count
 E = Non-spawn monster count
 F = Spawn count percentage of total count
 G = Total turns spent on level
                    A         B        C        D         E        F      G
               +---------+---------+-------+---------+---------+-------+---------
         Total |       0 |      47 |   0.0 |       0 |      14 |   0.0 |   868
               +---------+---------+-------+---------+---------+-------+---------
           D:1 |       0 |      14 |   0.0 |       0 |       7 |   0.0 |   633
           D:2 |       0 |      33 |   0.0 |       0 |       7 |   0.0 |   235
               +---------+---------+-------+---------+---------+-------+---------
